Map: Blueshift LE

Players

Mesrob

  • Race: Terran Terran
  • League: Gold
  • Spawn Location: 1:00

TheDude - Winner!

  • Race: Protoss Protoss
  • League: Platinum
  • Spawn Location: 7:00

VOD

Have the link to the VOD?

Description

Time

  • Played on: Jan. 14, 2019, 11:52 a.m.
  • Length: 5:35
Show
View Real Time Build Order
Export as new Build Order

Mesrob Terran 

Build Orders:  

Get SALT Encoding   

  12  0:01  SCV  
  13  0:13  SCV  
  14  0:17  Supply Depot  
  14  0:25  SCV  
  15  0:38  SCV  
  15  0:40  Barracks  
  16  0:47  Refinery  
  16  0:50  SCV  
  17  1:03  SCV  
  18  1:15  SCV  
  19  1:29  Orbital Command  
  19  1:38  Command Center  
  19  1:39  Marine  
  20  1:54  Bunker  
  20  1:59  SCV  
  21  2:08  Factory  
  21  2:12  SCV  
  22  2:40  Barracks Tech Lab  
  22  2:42  SCV  
  23  2:45  Refinery  
  23  2:50  Orbital Command  
  23  2:54  SCV  
  24  3:06  SCV  
  25  3:13  Supply Depot  
  25  3:18  SCV  
  26  3:24  Siege Tank  
  29  3:30  SCV  
  29  3:32  Command Center  
  30  3:35  Supply Depot  
  30  3:38  Engineering Bay  
  30  3:47  Marine  
  31  3:51  SCV  
  31  3:52  SCV  
  33  3:56  Siege Tank  
  33  4:00  Refinery  
  36  4:03  SCV  
  36  4:06  Armory  
  37  4:12  Missile Turret  
  37  4:16  SCV x2  
  39  4:20  Missile Turret  
  39  4:28  SCV x2  
  41  4:40  SCV  
  41  4:42  Missile Turret  
  41  4:43  Siege Tank  
  45  4:53  SCV  
  45  4:54  SCV  
  45  4:58  Refinery  
  45  4:59  Marine  
  48  5:03  Orbital Command  
  48  5:04  Missile Turret  
  48  5:06  SCV  
  49  5:15  Supply Depot  
  48  5:27  Missile Turret  
Show
View Real Time Build Order
Export as new Build Order

TheDude Protoss - Winner!

Build Orders:  

Get SALT Encoding   

  1  0:00  Probe  
  12  0:05  Probe  
  14  0:15  Probe  
  15  0:22  Pylon  
  15  0:28  Assimilator  
  15  0:48  Gateway  
  15  0:51  Gateway  
  15  0:52  Probe  
  16  1:00  Probe  
  16  1:02  Assimilator  
  16  1:08  Probe  
  17  1:13  Pylon  
  18  1:19  Probe  
  19  1:31  Probe  
  20  1:35  Cybernetics Core  
  20  1:37  Pylon  
  20  1:43  Probe  
  20  1:44  Zealot  
  23  1:50  Zealot  
  25  1:55  Probe  
  26  2:07  Probe  
  27  2:13  Stalker  
  29  2:18  Zealot  
  31  2:26  Warp Gate  
  31  2:35  Pylon  
  31  2:43  Zealot  
  33  2:45  Forge  
  33  2:46  Zealot  
  35  3:00  Protoss Ground Weapons Level 1  
  35  3:04  Twilight Council  
  35  3:10  Stalker  
  37  3:13  Zealot  
  39  3:21  Charge  
  39  3:40  Zealot x2  
  43  4:08  Pylon  
  43  4:15  Nexus  
  43  4:17  Zealot  
  43  4:20  Zealot  
  47  4:39  Pylon  
  47  4:40  Zealot  
  47  4:42  Zealot  
  51  5:02  Zealot  
  51  5:03  Zealot  
  55  5:10  Probe  
  52  5:21  Gateway  
  52  5:22  Probe  
  52  5:23  Gateway  
Tags
 
Matchup
PvT
Replay Pack
sc2 replays
Spawn Locations
Cross Positions
Add a new tag
Caveats
  • Supply blocks, unpowered buildings, or Contaminate may cause inaccurate times.
  • Supply counts are checked every 10 seconds.